Zazza, neutral female human Tourist ------------ |.......>..| ---------- |........... ..........| f@h..........| | # |........... ### --------|--- ----------- # # |..........##################### # |.........| # ### |.........| # ----------- ---.------- |.......... |.........| |.........| |.......... ----------- Zazza the Rambler Experience level: 1 Strength: 12 Dexterity: 8 Constitution: 16 Intelligence: 12 Wisdom: 7 Charisma: 18 Health: 0(19) Energy: 2(2) Def: 1 Gold: 1352 Moves: 2095 Dungeon seed: HFmLONYixOHmR7RV Game ID: Zazza_1575136977 Your Inventory: Coins $ - 1352 gold pieces Weapons a - 32 +2 darts (in quiver) o - a +0 orcish dagger u - a blessed +1 orcish dagger (weapon in hand) H - a +0 elven dagger Armor e - an uncursed +0 Hawaiian shirt (being worn) q - an uncursed +0 orcish helm (being worn) y - a cursed +0 orcish helm N - an uncursed +0 dwarvish cloak Comestibles b - 4 uncursed tripe rations c - 6 uncursed food rations d - 2 uncursed lembas wafers f - 2 uncursed eggs Scrolls k - 2 uncursed scrolls of magic mapping l - a blessed scroll of magic mapping J - a blessed scroll of identify Spellbooks K - an uncursed spellbook of force bolt Potions i - an uncursed potion of extra healing z - an uncursed potion of enlightenment I - a blessed potion of levitation M - an uncursed potion of healing O - a blessed potion of polymorph Q - a blessed potion of restore ability Rings s - a cursed ring of protection from shape changers Wands A - a wand of enlightenment (0:10) D - a wand of undead turning (0:3) L - a wand of polymorph (0:7) Tools m - an expensive camera (0:49) n - an uncursed credit card E - an uncursed skeleton key Gems r - an uncursed worthless piece of yellow glass Spells and supernatural/magical abilities: Name Level Category Fail Memory W - pray for help -- divine ? -- Your skills at the end: Fighting Skills Weapon Skills dart [Basic] Spellcasting Skills Final Attributes: You were stridently aligned. You are dead. Vanquished creatures: a werejackal an iguana 3 hobbits a giant rat 3 cave spiders a yellow mold 2 geckos a jackal a fox 2 goblins 7 grid bugs 6 lichens a kobold zombie 4 newts 34 creatures vanquished. Voluntary challenges: You used a wielded weapon 23 times, starting on turn 190. You read items or engraved 9 times, starting on turn 1182. You never genocided any monsters. You never polymorphed an object. You never changed form. You used no wishes. You never split a pudding. You wrote Elbereth's name 3 times, starting on turn 1182. You never violated your personal moral code. Dungeon overview: The Dungeons of Doom: levels 1 to 7 Level 1 a sink a long staircase Level 2 a fountain Level 3 a delicatessen, a fountain Level 4 some fountains a long staircase Level 5 a potion shop Level 6 Level 7 <- You were here History has recorded: On T:1 you entered the Dungeons of Doom to retrieve the Amulet of Yendor! On T:845 you reached level 3 of The Dungeons of Doom. On T:1300 you reached level 4 of The Dungeons of Doom. On T:1698 you reached level 5 of The Dungeons of Doom. On T:1931 you reached level 6 of The Dungeons of Doom. On T:1991 you reached level 7 of The Dungeons of Doom. Score breakdown: Gold: 811 ( 9897 points) Experience: 1 level ( 0 points) Exploration: 7 levels ( 15.56%) (11078 points) Discoveries: 2 items ( 0.67%) ( 2457 points) Valuables value: (no points given unless you survive) Artifact value: 0 ( 0 points) Variety of kills: 14 monsters ( 3.67%) ( 5750 points) Turncount: 2095 turns ( -69 points) Survival: died (score multiplied by 80%) Total score: 23290 Latest messages: Armand bites the iguana. The iguana bites Armand. You hear some noises. You hear someone cursing shoplifters. You displace Armand. You stop. Armand is in the way! You hear the chime of a cash register. Q - a brown potion. A trap door opens up under you! You displace Armand. $ - 148 gold pieces. You displace Armand. You displace Armand. The rabid rat bites! You miss the rabid rat. The rabid rat bites! You displace Armand. You hear some noises. The dwarf wields a dagger! You miss the dwarf. You hear a sceptre pounded in judgment. You hit the dwarf. The dwarf thrusts her dagger. The dwarf hits! You die... Final status: Aloha Zazza the Tourist, killed by a dwarf... You died in The Dungeons of Doom on dungeon level 7 with 23290 points, and 1352 pieces of gold, after 2095 moves. You were level 1 with a maximum of 19 hit points when you died.